 Dungeon Crawl Stone Soup version 0.22-a0-609-gfedc9ff77b (webtiles) character file.

142 Kholdaimon the Caller (level 5, 0/30 HPs)
             Began as a Tengu Summoner on July 10, 2018.
             Slain by a rat (3 damage)
             ... on level 3 of the Dungeon.
             The game lasted 00:21:43 (3304 turns).

Kholdaimon the Caller (Tengu Summoner)              Turns: 3304, Time: 00:21:44

Health: 0/30       AC:  3    Str:  8    XL:     5   Next: 24%
Magic:  9/9        EV: 13    Int: 16    God:
Gold:   133        SH:  0    Dex: 15    Spells: 2/9 levels left

rFire    . . .     SeeInvis .   x - +0 blowgun
rCold    . . .     Gourm    .   (no shield)
rNeg     . . .     Faith    .   a - +0 robe
rPois    .         Spirit   .   (helmet restricted)
rElec    .         Reflect  .   (no cloak)
rCorr    .         Harm     .   h - +0 pair of gloves
MR       .....                  (boots unavailable)
Stlth    ++........             (no amulet)
HPRegen  0.10/turn              (no ring)
MPRegen  0.11/turn              (no ring)

@: no status effects
A: beak, talons 3, able to fly 1
a: Fly


You were on level 3 of the Dungeon.
You were not hungry.

You visited 1 branch of the dungeon, and saw 3 of its levels.

You collected 133 gold pieces.

Inventory:

Hand Weapons
 o - a +0 short sword
 x - a +0 blowgun (weapon)
 B - a +0 falchion
Missiles
 g - 90 stones
 l - 28 bolts
 t - 5 needles of confusion
 w - 20 poisoned needles (quivered)
 G - 13 sling bullets
Armour
 a - a +0 robe (worn)
 h - a +0 pair of gloves (worn)
 n - a +0 leather armour
 u - a cursed +0 scale mail
 y - a +0 pair of gloves
 z - a +0 chain mail
 H - a +0 chain mail
Jewellery
 b - an uncursed ring of resist corrosion {unknown}
 s - an uncursed amulet of regeneration {unknown}
 v - an uncursed ring of wizardry {unknown}
Wands
 D - a wand of random effects (24)
 E - a wand of acid (5)
Scrolls
 d - a scroll of remove curse {unknown}
 e - a scroll of enchant armour {unknown}
 f - 2 scrolls of teleportation {unknown}
 i - 2 scrolls of identify {unknown}
 k - a scroll of blinking {unknown}
 p - 3 scrolls of amnesia {unknown}
 C - a scroll of fog {unknown}
 F - a scroll of immolation {unknown}
Potions
 j - a potion of flight {unknown}
 m - a potion of lignification {unknown}
 q - 3 potions of curing {unknown}
 r - a potion of brilliance {unknown}
Comestibles
 c - 6 rations
 A - 7 chunks of flesh


   Skills:
 + Level 2.1 Fighting
 - Level 3.0 Dodging
 - Level 2.0 Stealth
 - Level 2.5 Spellcasting
 * Level 5.8 Summonings
 * Level 2.1 Air Magic


You had 2 spell levels left.
You knew the following spells:

 Your Spells              Type           Power        Failure   Level  Hunger
a - Summon Small Mammal   Summ           ###.         1%          1    #......
b - Call Imp              Summ           ###.....     2%          2    ##.....
c - Summon Lightning Spi  Summ/Air       ##......     36%         4    #####..

Your spell library contained the following spells:

 Spells                   Type           Power        Failure   Level  Hunger
 Summon Ice Beast         Ice/Summ       ##......     52%         4    #####..
 Call Canine Familiar     Summ           ###.....     5%          3    ###....
 Summon Guardian Golem    Hex/Summ       ##......     19%         3    ###....


Dungeon Overview and Level Annotations

Branches:
Dungeon (3/15)

Altars:
Okawaru
Trog


Innate Abilities, Weirdness & Mutations

You have a beak for a mouth.
You have claws for feet.
You can fly.


Message History

The moth of wrath goads the rat on!
The rat goes berserk!
Casting: Call Imp (safe; 2% risk of failure)
Confirm with . or Enter, or press ? or * to list all spells.
A beastly little devil appears in a puff of flame.
The moth of wrath goads the rat on!
The rat goes berserk!
The rat bites you but does no damage.
Your crimson imp barely misses the rat.
You kill the rat!
Your crimson imp blinks!
The rat bites you but does no damage. The rat barely misses you.
You see here a rat skeleton.
The rat closely misses you. The rat bites you.
* * * LOW HITPOINT WARNING * * *
The rat bites you.
* * * LOW HITPOINT WARNING * * *
Your crimson imp blinks!
The rat bites you but does no damage. The rat bites you.
You die...

...........####.......# #########
#..........####.####### #.......#
##...####....##..########.......#
##.....####.....................#
..........##...#..####..........#
###.##............# #.##.......#
.##.##..#.####.#..####.##.......#
.....##.#.# #.#.......##########
###...#.#.####.#@..#####
......#.#.......r.#########
#####.....................##
#................)..#..###
#######..##........####..<...#
#.......###....#...###########
...[....................#
.........####..#...####.##
#.......>..#......5......######


You could see a rat (berserk).

Vanquished Creatures
  An ooze (D:1)
  A worm (D:2)
  A dart slug (D:3)
  2 orcs (D:2)
  A giant cockroach (D:2)
  A jackal (D:1)
  A kobold (D:2)
  4 bats
  2 frilled lizards (D:3)
  A goblin (D:2)
  5 rats
20 creatures vanquished.

Vanquished Creatures (collateral kills)
  2 orc priests (D:3)
  A centaur skeleton (D:3)
  5 adders
  2 worms (D:3)
  A dart slug (D:2)
  3 leopard geckos
  4 orcs
  5 goblins
  4 hobgoblins
  5 jackals
  2 ball pythons (D:1)
  3 bats (D:1)
  3 frilled lizards
  3 kobolds
  3 rats
46 creatures vanquished.

Grand Total: 66 creatures vanquished

Notes
Turn   | Place    | Note
-------+----------+-------------------------------------------
     0 | D:1      | Kholdaimon the Tengu Summoner began the quest for the Orb.
     0 | D:1      | Reached XP level 1. HP: 10/10 MP: 4/4
   443 | D:1      | Reached XP level 2. HP: 16/16 MP: 3/6
   450 | D:1      | Learned a level 2 spell: Call Imp
   471 | D:1      | Reached skill level 5 in Summonings
   983 | D:1      | Reached skill level 1 in Fighting
  1237 | D:2      | Reached XP level 3. HP: 15/20 MP: 2/7
  1381 | D:2      | Found an iron altar of Okawaru.
  2053 | D:3      | Reached XP level 4. HP: 16/26 MP: 2/8
  2061 | D:3      | Learned a level 4 spell: Summon Lightning Spire
  2182 | D:3      | Noticed a moth of wrath
  2185 | D:3      | Found a bloodstained altar of Trog.
  2403 | D:3      | Reached skill level 1 in Air Magic
  2674 | D:2      | Gained mutation: You can fly. [Tengu growth]
  2674 | D:2      | Reached XP level 5. HP: 20/30 MP: 2/9
  2988 | D:3      | Found a faded altar of an unknown god.
  3304 | D:3      | Slain by a rat

Vault maps used:
D:1:      scummos_arrival_gate, roderic_lattice_a, minmay_misc_feat_alley,
          minmay_heptomino_o4
D:2:      old_standard_altar
D:3:      chequers_ecumenical_altar_island, first_ration, tgw_trog

Skill      XL: |  1  2  3  4  5 |
---------------+----------------+-----
Summonings     | 5 |  5.8
Fighting       | 1 2 |  2.1
Dodging        | 3 |  3.0
Air Magic      | 1 2 |  2.1
Stealth        | |  2.0
Spellcasting   | |  2.5

Action                   |  1- 3 |  4- 6 || total
-------------------------+-------+-------++-------
Melee: Unarmed           |    19 |       ||    19
       Peck              |     4 |     2 ||     6
       Kick              |     5 |     3 ||     8
       Short sword       |    23 |    14 ||    37
       Dagger            |     2 |       ||     2
       Falchion          |       |     7 ||     7
 Fire: Blowgun           |       |    22 ||    22
 Cast: Summon Small Mamm |    22 |       ||    22
       Call Imp          |    19 |    22 ||    41
 Stab: Sleeping          |     3 |       ||     3
  Eat: Chunk             |     5 |     5 ||    10
Armor: Robe              |    27 |    14 ||    41
Dodge: Dodged            |    52 |    42 ||    94

Table legend:
 A = Spawn XP
 B = Non-spawn XP
 C = Spawn XP percentage of total XP
 D = Spawn monster count
 E = Non-spawn monster count
 F = Spawn count percentage of total count
 G = Total turns spent on level
                    A         B        C        D         E        F      G
               +---------+---------+-------+---------+---------+-------+---------
         Total |       0 |     203 |   0.0 |       0 |      66 |   0.0 |  3304
               +---------+---------+-------+---------+---------+-------+---------
           D:1 |       0 |      30 |   0.0 |       0 |      19 |   0.0 |  1229
           D:2 |       0 |      55 |   0.0 |       0 |      25 |   0.0 |  1154
           D:3 |       0 |     118 |   0.0 |       0 |      22 |   0.0 |   921
               +---------+---------+-------+---------+---------+-------+---------
